 Dungeon Crawl Stone Soup version 0.22-a0-609-gfedc9ff (webtiles) character file.

176 Gildeon the Charmwright (level 5, -1/43 HPs)
             Began as a Gnoll Skald on July 10, 2018.
             Killed by divine providence
             ... invoked by an orc priest
              (13 damage)
             ... on level 3 of the Dungeon.
             The game lasted 00:13:01 (2407 turns).

Gildeon the Charmwright (Gnoll Skald)               Turns: 2407, Time: 00:13:02

Health: -1/43      AC:  8    Str: 14    XL:     5   Next: 56%
Magic:  5/12       EV: 11    Int: 15    God:
Gold:   136        SH:  0    Dex: 15    Spells: 3/14 levels left

rFire    + . .     SeeInvis .   a - +0 falchion
rCold    . . .     Gourm    .   (no shield)
rNeg     . . .     Faith    .   o - +2 scale mail {rF+}
rPois    .         Spirit   .   (no helmet)
rElec    .         Reflect  .   (no cloak)
rCorr    .         Harm     .   (no gloves)
MR       .....                  (no boots)
Stlth    +.........             e - amulet of rage
HPRegen  0.14/turn              (no ring)
MPRegen  0.13/turn              (no ring)

@: infused
A: distributed training, fangs 1, strong nose
a: Evoke Berserk Rage


You were on level 3 of the Dungeon.
You were not hungry.

You visited 1 branch of the dungeon, and saw 3 of its levels.

You collected 136 gold pieces.

Inventory:

Hand Weapons
 a - a +0 falchion (weapon)
Armour
 b - a +0 leather armour
 o - a +2 scale mail of fire resistance (worn)
Jewellery
 e - an amulet of rage (around neck)
 q - an uncursed amulet of the gourmand {unknown}
Scrolls
 h - 3 scrolls of teleportation
 k - a scroll of amnesia
 p - a scroll of identify
Potions
 f - 3 potions of curing
 g - 2 potions of lignification
 i - 3 potions of heal wounds {unknown}
 j - 2 potions of agility {unknown}
 l - 3 potions of degeneration {unknown}
 m - a potion of ambrosia {unknown}
 n - a potion of haste {unknown}
Comestibles
 c - 4 chunks of flesh
 d - 5 rations


   Skills:
 + Level 4.8 Fighting
 + Level 1.5 Short Blades
 + Level 4.8 Long Blades
 + Level 1.5 Axes
 + Level 1.5 Maces & Flails
 + Level 1.5 Polearms
 + Level 1.5 Staves
 + Level 1.5 Slings
 + Level 1.5 Bows
 + Level 1.5 Crossbows
 + Level 1.5 Throwing
 + Level 3.0 Armour
 + Level 4.8 Dodging
 + Level 1.5 Stealth
 + Level 1.5 Shields
 + Level 1.5 Unarmed Combat
 + Level 5.2 Spellcasting
 + Level 1.2 Conjurations
 + Level 1.2 Hexes
 + Level 5.5 Charms
 + Level 1.2 Summonings
 + Level 1.2 Necromancy
 + Level 1.2 Translocations
 + Level 1.2 Transmutations
 + Level 1.2 Fire Magic
 + Level 1.2 Ice Magic
 + Level 1.2 Air Magic
 + Level 1.2 Earth Magic
 + Level 1.2 Poison Magic
 + Level 1.7 Invocations
 + Level 1.5 Evocations


You had 3 spell levels left.
You knew the following spells:

 Your Spells              Type           Power        Failure   Level  Hunger
a - Infusion              Chrm           ###.         7%          1    None
b - Song of Slaying       Chrm           ###.....     10%         2    ##.....
c - Shroud of Golubria    Chrm/Tloc      ##........   24%         2    ##.....
d - Regeneration          Chrm/Necr      ##........   43%         3    ###....
e - Spectral Weapon       Hex/Chrm       ##......     43%         3    ###....

Your spell library contained the following spells:

 Spells                   Type           Power        Failure   Level  Hunger


Dungeon Overview and Level Annotations

Branches:
Dungeon (3/15)

Altars:
Nemelex Xobeh


Innate Abilities, Weirdness & Mutations

Your experience applies equally to all skills.
You have very sharp teeth.
Your uncanny sense of smell can sniff out nearby items.


Message History

The orc hits you with a club. The orc hits you but does no damage.
You barely miss the orc priest.
The orc priest is severely wounded.
The orc priest barely misses you.
You riposte.
You completely miss the orc priest.
The orc priest is severely wounded.
The orc barely misses you.
You riposte.
You hit the orc!
You kill the orc!
The orc closely misses you.
You hit the orc priest.
You bite the orc priest, but do no damage.
The orc priest is almost dead.
The orc priest mumbles some strange prayers to Beogh against you.
Pain shoots through your body!
* * * LOW HITPOINT WARNING * * *
The orc barely misses you.
You feel better.
The orc priest mumbles some strange prayers to Beogh against you.
Beogh smites you!
You die...

##...........#
#'...........+
##..⌠.⌠......#
#..._.......#
#..⌠.⌠......#
#......########## #####
##.)............. #...#
#........o......
#...#####.......@o......
+.............>.))......
#...#.......##+#........
+...+........# #.###....
#.(.#........# #.# ...
#...(........# #.# ..
###.#........# #.# #
#.#.#.)..#.# #.#
#.#.#......#


You could see an orc priest and an orc.

Vanquished Creatures
  Terence (D:3)
  8 adders
  2 oozes
  A worm (D:2)
  2 dart slugs (D:2)
  A leopard gecko (D:2)
  2 orcs (D:3)
  5 giant cockroaches (D:1)
  5 goblins
  10 hobgoblins
  A jackal (D:1)
  A quokka (D:3)
  A ball python (D:1)
  5 bats
  2 frilled lizards
  10 kobolds
  8 rats
65 creatures vanquished.

Notes
Turn   | Place    | Note
-------+----------+-------------------------------------------
     0 | D:1      | Gildeon the Gnoll Skald began the quest for the Orb.
     0 | D:1      | Reached XP level 1. HP: 20/20 MP: 6/6
    92 | D:1      | Reached XP level 2. HP: 24/26 MP: 1/7
   257 | D:1      | Learned a level 2 spell: Song of Slaying
   260 | D:1      | Learned a level 2 spell: Shroud of Golubria
   394 | D:1      | Reached XP level 3. HP: 26/31 MP: 0/9
   413 | D:1      | Learned a level 3 spell: Regeneration
   417 | D:1      | Learned a level 3 spell: Spectral Weapon
   425 | D:1      | Reached skill level 5 in Spellcasting
   866 | D:2      | Reached skill level 1 in Invocations
  1138 | D:2      | Reached skill level 1 in Short Blades
  1138 | D:2      | Reached skill level 1 in Axes
  1138 | D:2      | Reached skill level 1 in Maces & Flails
  1138 | D:2      | Reached skill level 1 in Polearms
  1138 | D:2      | Reached skill level 1 in Staves
  1138 | D:2      | Reached skill level 1 in Slings
  1138 | D:2      | Reached skill level 1 in Bows
  1138 | D:2      | Reached skill level 1 in Crossbows
  1138 | D:2      | Reached skill level 1 in Throwing
  1138 | D:2      | Reached skill level 1 in Stealth
  1138 | D:2      | Reached skill level 1 in Shields
  1138 | D:2      | Reached skill level 1 in Unarmed Combat
  1138 | D:2      | Reached skill level 1 in Evocations
  1138 | D:2      | Reached XP level 4. HP: 32/38 MP: 7/11
  1379 | D:2      | Reached skill level 1 in Conjurations
  1379 | D:2      | Reached skill level 1 in Hexes
  1379 | D:2      | Reached skill level 1 in Summonings
  1379 | D:2      | Reached skill level 1 in Necromancy
  1379 | D:2      | Reached skill level 1 in Translocations
  1379 | D:2      | Reached skill level 1 in Transmutations
  1379 | D:2      | Reached skill level 1 in Fire Magic
  1379 | D:2      | Reached skill level 1 in Ice Magic
  1379 | D:2      | Reached skill level 1 in Air Magic
  1379 | D:2      | Reached skill level 1 in Earth Magic
  1379 | D:2      | Reached skill level 1 in Poison Magic
  1690 | D:2      | Reached XP level 5. HP: 43/43 MP: 12/12
  2229 | D:3      | Noticed Terence
  2249 | D:3      | Killed Terence
  2370 | D:3      | Found a sparkling altar of Nemelex Xobeh.
  2406 | D:3      | HP: 2/43 [orc priest/nerve-wracking pain (14)]
  2407 | D:3      | Killed from afar by an orc priest

Vault maps used:
D:1:      matt_arrival_spirals, minmay_split_cup_large
D:3:      nemelex_xobeh_ov_fountains_minmay, kennysheep_generic_room_10,
          uniq_terence

Skill      XL: |  1  2  3  4  5 |
---------------+----------------+-----
Spellcasting   | 5 |  5.2
Invocations    | 1 |  1.7
Short Blades   | 1 |  1.5
Axes           | 1 |  1.5
Maces & Flails | 1 |  1.5
Polearms       | 1 |  1.5
Staves         | 1 |  1.5
Slings         | 1 |  1.5
Bows           | 1 |  1.5
Crossbows      | 1 |  1.5
Throwing       | 1 |  1.5
Stealth        | 1 |  1.5
Shields        | 1 |  1.5
Unarmed Combat | 1 |  1.5
Evocations     | 1 |  1.5
Conjurations   | 1 |  1.2
Hexes          | 1 |  1.2
Summonings     | 1 |  1.2
Necromancy     | 1 |  1.2
Translocations | 1 |  1.2
Transmutations | 1 |  1.2
Fire Magic     | 1 |  1.2
Ice Magic      | 1 |  1.2
Air Magic      | 1 |  1.2
Earth Magic    | 1 |  1.2
Poison Magic   | 1 |  1.2
Armour         | 3 |  3.0
Fighting       | |  4.8
Long Blades    | |  4.8
Dodging        | |  4.8
Charms         | |  5.5

Action                   |  1- 3 |  4- 6 || total
-------------------------+-------+-------++-------
Melee: Falchion          |    86 |    90 ||   176
       Bite              |     7 |    19 ||    26
       Punch             |       |     3 ||     3
Throw: Throwing net      |       |     2 ||     2
 Cast: Infusion          |     8 |    10 ||    18
       Song of Slaying   |     1 |       ||     1
       Shroud of Golubri |       |     2 ||     2
  Use: Scroll            |     3 |     2 ||     5
       Potion            |       |     1 ||     1
 Stab: Sleeping          |       |     1 ||     1
  Eat: Chunk             |     1 |     1 ||     2
       Ration            |       |     1 ||     1
Armor: Leather armour    |    11 |     9 ||    20
       Scale mail        |       |     9 ||     9
Dodge: Dodged            |    66 |    67 ||   133
       Rpst.: Falchion   |    17 |    19 ||    36

Table legend:
 A = Spawn XP
 B = Non-spawn XP
 C = Spawn XP percentage of total XP
 D = Spawn monster count
 E = Non-spawn monster count
 F = Spawn count percentage of total count
 G = Total turns spent on level
                    A         B        C        D         E        F      G
               +---------+---------+-------+---------+---------+-------+---------
         Total |       0 |     252 |   0.0 |       0 |      65 |   0.0 |  2407
               +---------+---------+-------+---------+---------+-------+---------
           D:1 |       0 |      54 |   0.0 |       0 |      32 |   0.0 |   801
           D:2 |       0 |     116 |   0.0 |       0 |      21 |   0.0 |  1196
           D:3 |       0 |      82 |   0.0 |       0 |      12 |   0.0 |   410
               +---------+---------+-------+---------+---------+-------+---------
